 Dungeon Crawl Stone Soup version 0.23-a0-844-gdc03e01 (console) character file.

393 bli the Slasher (level 6, -7/49 HPs)
             Began as a Merfolk Monk on Jan 26, 2019.
             Was a Believer of Wu Jian.
             Mangled by a gnoll
             ... wielding a +0 halberd
              (12 damage)
             ... on level 4 of the Dungeon.
             The game lasted 00:09:28 (3116 turns).

bli the Slasher (Merfolk Monk)                      Turns: 3116, Time: 00:09:29

Health: -7/49      AC:  7    Str: 11    XL:     6   Next: 81%
Magic:  6/6        EV: 15    Int: 13    God:    Wu Jian [**....]
Gold:   162        SH:  0    Dex: 18    Spells: 5/5 levels left

rFire    . . .     SeeInvis .   a - +0 falchion
rCold    . . .     Gourm    .   (no shield)
rNeg     . . .     Faith    .   p - +0 robe
rPois    .         Spirit   .   (no helmet)
rElec    .         Reflect  .   (no cloak)
rCorr    .         Harm     .   m - +0 pair of gloves
MR       .....                  (no boots)
Stlth    +++.......             (no amulet)
HPRegen  0.16/turn              f - +4 ring of protection
MPRegen  0.10/turn              o - +3 ring of intelligence

@: no status effects
A: change form in water, swift swim, stealthy swim
a: Wall Jump, Renounce Religion


You were on level 4 of the Dungeon.
You worshipped Wu Jian.
Wu Jian was pleased with you.
You were not hungry.

You visited 2 branches of the dungeon, and saw 5 of its levels.

You collected 162 gold pieces.

Inventory:

Hand Weapons
 a - a +0 falchion (weapon)
 b - a +0 rapier
Missiles
 l - 104 stones (quivered)
 s - 18 poisoned needles
Armour
 j - a +0 leather armour
 m - a +0 pair of gloves (worn)
 p - a +0 robe (worn)
 r - a +1 ring mail of fire resistance
Jewellery
 f - a +4 ring of protection (left hand)
 o - a +3 ring of intelligence (right hand)
 t - a cursed ring of teleportation {unknown}
Scrolls
 d - a scroll of random uselessness {unknown}
 e - 4 scrolls of remove curse {unknown}
 i - 4 scrolls of identify {unknown}
 k - a scroll of immolation {unknown}
 n - a scroll of teleportation {unknown}
Potions
 g - 2 potions of invisibility {unknown}
 h - 5 potions of curing {unknown}
 q - a potion of berserk rage {unknown}
Comestibles
 c - 3 rations


   Skills:
 + Level 4.3 Fighting
 * Level 1.4(4.7) Short Blades
 * Level 6.5(6.6) Long Blades
 * Level 4.7 Dodging
 + Level 3.6 Stealth


You had 5 spell levels left.
You didn't know any spells.
Your spell library was empty.

Dungeon Overview and Level Annotations

Branches:
Dungeon (4/15)             Temple (1/1) D:4

Altars:
Dithmenos
Elyvilon
Hepliaklqana
Makhleb
Okawaru
Ru
Uskayaw
Wu Jian
Yredelemnul
Zin
The Shining One


Message History

The gnoll is severely wounded.
The gnoll misses you. The gnoll hits you with a +0 whip.
The gnoll hits you from afar with a +2 spear of piercing.
You barely miss the gnoll.
The gnoll is severely wounded.
The gnoll misses you. The gnoll barely misses you.
You riposte.
You hit the gnoll.
You kill the gnoll!
The Council accepts your kill.
The gnoll hits you from afar with a +2 spear of piercing.
* * * LOW HITPOINT WARNING * * *
x2 You lunge at the gnoll.
You hit the gnoll.
The gnoll is lightly wounded.
The gnoll closely misses you.
The gnoll hits you with a +2 spear of piercing.
* * * LOW HITPOINT WARNING * * *
x2
There is an open door, spattered with blood here.
Things that are here:
a +0 whip; a gnoll corpse The gnoll hits you from afar with a +0 halberd!
You die...

#### #############...
#...........#.## ########
#........(..#.## #########......#
#...........#.#.
#..............###...........#.#.
+.............g)@'...........#.#.
#...........8.g###...........#.#.
#...........>..# #...........#.#.
#.......†...8..###...........#.##
..................(..........#.).
.######+#............#######.####
.# ###..........#######.# Z#
#.....)..........#.#### .##
#................#.....
g.#####+###................######
..........#................#


You could see 2 gnolls.

Vanquished Creatures
  2 ogres (D:4)
  2 howler monkeys (D:4)
  A gnoll (D:4)
  4 adders
  An ooze (D:4)
  A worm (D:1)
  3 dart slugs
  2 leopard geckos
  3 orcs (D:3)
  A ball python (D:2)
  4 giant cockroaches
  12 goblins
  7 hobgoblins
  4 jackals (D:4)
  2 quokkas (D:4)
  12 bats
  6 frilled lizards
  6 kobolds
  A leopard gecko skeleton (D:4)
  A quokka skeleton (D:4)
  6 rats
81 creatures vanquished.

Notes
Turn   | Place    | Note
-------+----------+-------------------------------------------
     0 | D:1      | bli the Merfolk Monk began the quest for the Orb.
     0 | D:1      | Reached XP level 1. HP: 18/18 MP: 1/1
   204 | D:1      | Reached XP level 2. HP: 24/24 MP: 2/2
   283 | D:1      | Reached skill level 4 in Long Blades
   429 | D:1      | Reached XP level 3. HP: 29/29 MP: 3/3
  1095 | D:2      | Reached XP level 4. HP: 37/37 MP: 4/4
  1189 | D:2      | Reached skill level 5 in Long Blades
  2034 | D:3      | Reached XP level 5. HP: 42/42 MP: 5/5
  2215 | D:3      | Found a shadowy altar of Dithmenos.
  2215 | D:3      | Found a glowing golden altar of the Shining One.
  2475 | D:4      | Noticed an ogre
  2756 | D:4      | Killed an ogre
  2806 | D:4      | Reached skill level 6 in Long Blades
  2806 | D:4      | Reached XP level 6. HP: 36/48 MP: 6/6
  2808 | D:4      | Found a staircase to the Ecumenical Temple.
  2817 | Temple   | Entered the Ecumenical Temple
  2825 | Temple   | Became a worshipper of the Wu Jian Council
  2825 | Temple   | Reached * piety under Wu Jian
  2825 | Temple   | Reached ** piety under Wu Jian
  2896 | D:4      | Reached skill level 1 in Short Blades
  3116 | D:4      | Mangled by a gnoll

Vault maps used:
D:1:      evilmike_arrival_run_for_it
D:2:      corexii_shack, kennysheep_generic_room_3
D:3:      amethyst_overflow_temple_binary
D:4:      nicolae_overflow_hidden_temple,
          chequers_temple_overflow_statue_of_worship, temple_statues,
          nicolae_ossuary_entry_catacombs
Temple:   eino_narrow_crystal_temple

Skill      XL: |  1  2  3  4  5  6 |
---------------+-------------------+-----
Long Blades    | 4 5 6 |  6.5
Fighting       | 4 |  4.3
Stealth        | 3 |  3.6
Short Blades   | 1 |  1.4
Dodging        | |  4.7

Action                   |  1- 3 |  4- 6 || total
-------------------------+-------+-------++-------
Melee: Falchion          |   105 |   156 ||   261
       Rapier            |       |    16 ||    16
Throw: Stone             |       |     6 ||     6
Invok: Whirlwind         |       |     6 ||     6
       Lunge             |       |     5 ||     5
 Stab: Sleeping          |     6 |     9 ||    15
  Eat: Chunk             |     1 |     4 ||     5
       Ration            |       |     1 ||     1
Armor: Robe              |    27 |    35 ||    62
Dodge: Dodged            |    80 |   127 ||   207
       Rpst.: Falchion   |    21 |    35 ||    56

Table legend:
 A = Non-vault XP
 B = Vault XP
 C = Vault XP percentage of total XP
 D = Non-vault monster count
 E = Vault monster count
 F = Vault count percentage of total count
                 A         B        C        D         E       F
            +---------+---------+-------+---------+---------+-------
      Total |     552 |      10 |   1.8 |      77 |       4 |   4.9
            +---------+---------+-------+---------+---------+-------
        D:1 |      42 |       5 |  10.6 |      24 |       1 |   4.0
        D:2 |      70 |       5 |   6.7 |      19 |       3 |  13.6
        D:3 |      48 |       0 |   0.0 |      19 |       0 |   0.0
        D:4 |     392 |       0 |   0.0 |      15 |       0 |   0.0
            +---------+---------+-------+---------+---------+-------
